 Dungeon Crawl Stone Soup version bcrawl-1.17.3 (webtiles) character file.

Game seed: 8247499324932471973

2477 Anmu the Destroyer (level 9, 0/51 HPs)
             Began as a Fairy Conjurer on Oct 25, 2019.
             Was a Follower of Sif Muna.
             Killed by a reflected orb of energy
             ... reflected by a tengu warrior
             ... on level 7 of the Dungeon.
             The game lasted 00:12:35 (5684 turns).

Anmu the Destroyer (Fairy Conjurer)                 Turns: 5684, Time: 00:12:36

Health: 0/51       AC:  8    Str:  6    XL:     9   Next: 51%
Magic:  2/24       EV: 21    Int: 22    God:    Sif Muna [*.....]
Gold:   522        SH:  6    Dex: 13    Spells: 18/27 levels left

rFire    . . .     SeeInvis .   (weapon restricted)
rCold    . . .     Gourm    .   (shield restricted)
rNeg     . . .     Faith    .   (armour unavailable)
rPois    .         Spirit   .   h - +1 helmet
rElec    .         Reflect  .   (no cloak)
rCorr    .         Harm     .   (no gloves)
MR       +....                  (no boots)
Stlth    +.........             (no amulet)
HPRegen  0.17/turn              a - ring of wizardry
MPRegen  0.19/turn              s - ring of protection from magic

@: flying evasively, very slightly contaminated
A: small, magic attunement, unstealthy, unfitting armour, able to fly, AC/SH +6
a: Stop Flying, Divine Energy, Renounce Religion


You were on level 7 of the Dungeon.
You worshipped Sif Muna.
Sif Muna was aware of your devotion.
You were not hungry.

You visited 2 branches of the dungeon, and saw 8 of its levels.

You collected 522 gold pieces.

Inventory:

Armour
 h - a +1 helmet (worn)
Jewellery
 a - a ring of wizardry (left hand)
 s - a ring of protection from magic (right hand)
Wands
 n - a wand of flame (14)
 p - a wand of random effects (9)
Scrolls
 d - 9 scrolls of identify
 e - 2 scrolls of magic mapping
 f - a scroll of remove curse
 g - 2 scrolls of amnesia
 j - 6 scrolls of teleportation
 k - a scroll of enchant weapon
 l - a scroll of blinking
 o - a scroll of enchant armour
Potions
 b - 2 potions of magic
 i - a potion of might
 q - 2 potions of curing
Comestibles
 c - 13 rations {!d}
 r - 5 chunks of flesh


   Skills:
 * Level 7.8 Dodging
 + Level 2.6 Stealth
 + Level 9.5 Spellcasting
 + Level 10.4 Conjurations


You had 18 spell levels left.
You knew the following spells:

 Your Spells              Type           Power        Failure   Level  Hunger
a - Magic Dart            Conj           ####         1%          1    None
b - Iskenderun's Mystic   Conj           ######..     1%          3    None
c - Agony                 Necr           ##......     54%         5    None

Your spell library contained the following spells:

 Spells                   Type           Power        Failure   Level  Hunger
 Searing Ray              Conj           ######       1%          2    None
 Stone Arrow              Conj/Erth      ####..       1%          3    None
 Fulminant Prism          Conj/Hex       ####......   3%          4    None
 Irradiate                Conj/Tmut      ####......   9%          5    None
 Lightning Bolt           Conj/Air       ####......   9%          5    None
 Mana Rupture             Conj/Hex       ####......   91%         7    None
 Glaciate                 Conj/Ice/Air   ####......   100%        8    None


Dungeon Overview and Level Annotations

Branches:
Dungeon (7/12)             Temple (1/1) D:5
   Lair: D:7-9

Altars:
Ashenzari
Cheibriados
Dithmenos
Elyvilon
Fedhas
Kikubaaqudgha
Lugonu
Makhleb
Nemelex Xobeh
Okawaru
Ru
Sif Muna
Trog
Uskayaw
Wu Jian
Xom
Yredelemnul
Zin

Annotations:
D:7 3 runed translucent doors, endorz's ghost, novice TrMo


Innate Abilities, Weirdness & Mutations

Your spells do not cause hunger and MP costs are reduced by 1.
Your bright wings attract enemies. (Stealth-)
You cannot fit into any form of body armour.
Your shimmering scales are hard and can block incoming attacks. (AC +6, SH +6)
You are small and have problems with some larger weapons.
You can fly continuously.


Message History

Press: ? - help, Shift-Dir - straight line, f/p - tengu warrior
Aim: a tengu warrior, wielding a +1 long sword of holy wrath, wearing a +0 ring mail and wearing a +0 shield of reflection (almost dead)
The orb of energy misses the tengu warrior.
Casting: Iskenderun's Mystic Blast (safe; 1% risk of failure)
Confirm with . or Enter, or press ? or * to list all spells.
Aiming: Iskenderun's Mystic Blast (safe; 1% risk of failure)
Press: ? - help, Shift-Dir - straight line, f/p - tengu warrior
Aim: a tengu warrior, wielding a +1 long sword of holy wrath, wearing a +0 ring mail and wearing a +0 shield of reflection (almost dead)
The tengu warrior reflects the orb of energy off its +0 shield of reflection!
The orb of energy misses you.
The orb of energy explodes!
The tengu warrior completely misses you.
The tengu warrior barely misses you. The tengu warrior misses you.
Casting: Iskenderun's Mystic Blast (safe; 1% risk of failure)
Confirm with . or Enter, or press ? or * to list all spells.
Aiming: Iskenderun's Mystic Blast (safe; 1% risk of failure)
Press: ? - help, Shift-Dir - straight line, f/p - tengu warrior
Aim: a tengu warrior, wielding a +1 long sword of holy wrath, wearing a +0 ring mail and wearing a +0 shield of reflection (almost dead)
The tengu warrior reflects the orb of energy off its +0 shield of reflection!
The orb of energy hits you!
You die...

#.....# #....##
#....# #..###
#.########+####
#.............#
#.............#
#.............#
####'########@#
##..)## #.Q#
##..)..## ....#
#..)....##....#
#)......#.....#
#.......#....##
##.....##....
##...###..##
#####


You could see a tengu warrior.

Vanquished Creatures
  An ugly thing (D:5)
  A hippogriff (D:6)
  Sigmund (D:5)
  A phantom (D:5)
  3 ogres
  A centaur (D:7)
  2 big kobolds
  2 bullfrogs
  2 scorpions
  A howler monkey (D:5)
  4 wights
  2 crimson imps
  2 orc priests (D:4)
  3 hounds
  4 iguanas
  4 orc wizards
  6 worker ants
  A howler monkey zombie (D:6)
  7 adders
  A shadow imp (D:6)
  An ooze (D:2)
  An adder zombie (D:6)
  2 adder skeletons
  4 worms
  5 dart slugs
  7 leopard geckos
  21 orcs
  4 ball pythons
  2 giant cockroaches (D:3)
  9 goblins
  10 hobgoblins
  9 jackals
  2 quokkas (D:3)
  3 bats (D:1)
  8 frilled lizards
  9 kobolds
  A leopard gecko skeleton (D:4)
  8 rats
155 creatures vanquished.

Vanquished Creatures (others)
  3 fungi (D:7)
  A plant (D:7)
4 creatures vanquished.

Grand Total: 159 creatures vanquished

Notes
Turn   | Place    | Note
-------+----------+-------------------------------------------
     0 | D:1      | Anmu the Fairy Conjurer began the quest for the Orb.
     0 | D:1      | Reached XP level 1. HP: 11/11 MP: 6/6
    27 | D:1      | Reached skill level 5 in Conjurations
    51 | D:1      | Reached XP level 2. HP: 17/17 MP: 7/7
   145 | D:1      | Reached XP level 3. HP: 21/21 MP: 7/9
   150 | D:1      | Learned a level 3 spell: Iskenderun's Mystic Blast
   714 | D:2      | Reached XP level 4. HP: 27/27 MP: 11/11
   755 | D:2      | Reached skill level 6 in Conjurations
  1640 | D:3      | Reached XP level 5. HP: 31/31 MP: 9/12
  1882 | D:3      | Found a shattered altar of Ashenzari.
  1883 | D:3      | Found a shimmering altar of Xom.
  2203 | D:4      | Noticed a bullfrog
  2205 | D:4      | Killed a bullfrog
  2205 | D:4      | Reached skill level 7 in Conjurations
  2205 | D:4      | Reached XP level 6. HP: 36/36 MP: 9/15
  2468 | D:4      | Reached skill level 5 in Spellcasting
  2613 | D:4      | Reached XP level 7. HP: 40/41 MP: 8/17
  2856 | D:4      | Reached skill level 5 in Dodging
  3325 | D:5      | Entered Level 5 of the Dungeon
  3438 | D:5      | Noticed a white ugly thing
  3446 | D:5      | Killed a white ugly thing
  3446 | D:5      | Reached skill level 8 in Conjurations
  3446 | D:5      | Reached XP level 8. HP: 16/46 MP: 5/20
  3736 | D:5      | Noticed Sigmund
  3738 | D:5      | Killed Sigmund
  3871 | D:5      | Reached skill level 9 in Conjurations
  4087 | D:5      | Found a staircase to the Ecumenical Temple.
  4102 | Temple   | Entered the Ecumenical Temple
  4148 | Temple   | Became a worshipper of Sif Muna the Loreminder
  4675 | D:6      | Reached XP level 9. HP: 51/51 MP: 9/23
  4896 | D:6      | Reached * piety under Sif Muna
  4951 | D:6      | Reached skill level 10 in Conjurations
  5429 | D:7      | Found a runed translucent gate.
  5429 | D:7      | Found a runed translucent gate.
  5429 | D:7      | Found a runed translucent gate.
  5430 | D:7      | Noticed endorz's ghost (novice TrMo)
  5432 | D:7      | Noticed a kobold demonologist
  5433 | D:7      | Identified the +7 short sword of Ipoiq {pain, rF+++ Str+3
                  | Int-5}
  5559 | D:7      | Identified Sif Muna's Grimoire of Excruciating Black Rites
                  | (Sif Muna gifted it to you on level 7 of the Dungeon)
  5559 | D:7      | Received a gift from Sif Muna
  5573 | D:7      | Learned a level 5 spell: Agony
  5672 | D:7      | Noticed a tengu warrior
  5684 | D:7      | Killed by a reflected orb of energy
                  | ... reflected by a tengu warrior

Skill      XL: |  1  2  3  4  5  6  7  8  9 |
---------------+----------------------------+-----
Conjurations   | 5 6 7 8 9 10 | 10.4
Dodging        | 3 4 6 7 |  7.8
Spellcasting   | 3 4 5 7 8 9 |  9.5
Stealth        | 2 |  2.6

Action                   |  1- 3 |  4- 6 |  7- 9 || total
-------------------------+-------+-------+-------++-------
 Cast: Magic Dart        |    64 |    89 |    88 ||   241
       Iskenderun's Myst |     5 |    25 |    83 ||   113
  Use: Scroll            |       |     7 |     2 ||     9
       Potion            |       |     5 |     3 ||     8
  Eat: Chunk             |       |     5 |     6 ||    11
       Ration            |       |       |     1 ||     1
Armor: Skin              |     1 |     2 |     6 ||     9
Dodge: Dodged            |     3 |    10 |    25 ||    38
Block: Other             |     3 |     5 |    12 ||    20
